UAA
TACOMA FUR TRADERS @ RICHLAND RAILS
09/01/2019
 
TOP OF THE 1ST
Tacoma Fur Traders batting - Pitching for Richland Rails : LHP Júlio Hernández
Pitching: LHP Júlio Hernández
Batting: RHB Alfonso López 0-0: Ball
1-0: Ball
2-0: Foul Ball, location: 2F
2-1: Reached on error, E6 (Groundball, 6M)
Batting: RHB Johnny Bryant 0-0: Ball
1-0: Ball
2-0: Ball
3-0: Called Strike
3-1: SINGLE (Line Drive, 89S)
Alfonso López to second
Batting: RHB Justin Saginov 0-0: Ball
1-0: Ball
2-0: Ball
Alfonso López steals 3rd base
3-0: Called Strike
3-1: Fielders Choice at 2nd, 4-6 (Groundball, 34)
Alfonso López scores
Batting: RHB Miguel Silva 0-0: Ball
1-0: Ball
2-0: Called Strike
2-1: DOUBLE (Line Drive, 7LS)
Justin Saginov to third
Runner from 3rd tries for Home, SAFE, no throw or cutoff
Batting: LHB Ramón García 0-0: Called Strike
0-1: Ball
1-1: Ground out 4-3 (Groundball, 4M)
Miguel Silva to third
Batting: SHB Arnold Smith 0-0: Called Strike
0-1: Ball
1-1: Ball
2-1: Swinging Strike
2-2: Ball
3-2: Foul Ball, location: 2F
3-2: Fly out, F6 (Line Drive, 6)
Top of the 1st over - 2 run(s), 2 hit(s), 1 error(s), 1 left on base; Tacoma 2 - Richland 0
BOTTOM OF THE 1ST
Richland Rails batting - Pitching for Tacoma Fur Traders : RHP Kevin Porter
Pitching: RHP Kevin Porter
Batting: RHB Ramón Cruz 0-0: Ball
1-0: Foul Ball, location: 2F
1-1: Foul Ball, location: 2F
1-2: Ball
2-2: Ball
3-2: SINGLE (Flyball, 9S)
Batting: RHB Andrew Hall 0-0: Called Strike
0-1: Swinging Strike
0-2: SINGLE (Line Drive, 9LS)
Ramón Cruz to second
Batting: RHB Miguel Vidro 0-0: Ball
1-0: Called Strike
Andrew Hall steals 2nd base
Ramón Cruz to third
1-1: Fly out, F3 (Popup, 3L)
Batting: RHB Gustavo Berrios 0-0: Foul Ball, location: 2F
0-1: Ball
1-1: Ball
2-1: Ground out 6-3 (Groundball, 6M)
Ramón Cruz scores
Andrew Hall to third
Batting: RHB Jack Davis 0-0: Ball
1-0: Ball
2-0: Ground out 4-3 (Groundball, 4)
Bottom of the 1st over - 1 run(s), 2 hit(s), 0 error(s), 1 left on base; Tacoma 2 - Richland 1
TOP OF THE 2ND
Tacoma Fur Traders batting - Pitching for Richland Rails : LHP Júlio Hernández
Batting: SHB Burton Storey 0-0: SINGLE (Groundball, 6M)
Batting: RHB Robert Jones Single, Error in OF, E7, batter to second base
Burton Storey to third
Batting: RHB Harley Gray 0-0: Called Strike
0-1: Swinging Strike
0-2: Foul Ball, location: 2F
0-2: Strikes out swinging
Batting: RHB Alfonso López 0-0: Foul Ball, location: 2F
0-1: Ground out 1-3 (Groundball, 13S)
Batting: RHB Johnny Bryant 0-0: Ball
1-0: Ball
2-0: Called Strike
2-1: Swinging Strike
2-2: Foul Ball, location: 2F
2-2: Foul Ball, location: 2F
2-2: Ball
3-2: Strikes out looking
Top of the 2nd over - 0 run(s), 2 hit(s), 1 error(s), 2 left on base; Tacoma 2 - Richland 1
BOTTOM OF THE 2ND
Richland Rails batting - Pitching for Tacoma Fur Traders : RHP Kevin Porter
Batting: RHB Alexis Smeddon 0-0: Swinging Strike
0-1: Ball
1-1: Foul Ball, location: 2F
1-2: Strikes out looking
Batting: RHB Bernardo Cruz 0-0: Swinging Strike
0-1: Foul Ball, location: 2F
0-2: Ball
1-2: Strikes out swinging
Batting: RHB Tiaki Kunani 0-0: Called Strike
0-1: Ball
1-1: Foul Ball, location: 2F
1-2: Foul Ball, location: 2F
1-2: Foul Ball, location: 2F
1-2: Strikes out swinging
Bottom of the 2nd over - 0 run(s), 0 hit(s), 0 error(s), 0 left on base; Tacoma 2 - Richland 1
TOP OF THE 3RD
Tacoma Fur Traders batting - Pitching for Richland Rails : LHP Júlio Hernández
Batting: RHB Justin Saginov 0-0: Ball
1-0: Ground out 5-3 (Groundball, 5S)
Batting: RHB Miguel Silva 0-0: Swinging Strike
0-1: Called Strike
0-2: Hit by Pitch
Batting: LHB Ramón García 0-0: Foul Ball, location: 2F
0-1: Called Strike
0-2: Ball
1-2: Fly out, F8 (Flyball, 8LM)
Batting: SHB Arnold Smith 0-0: Called Strike
0-1: Ball
1-1: Foul Ball, location: 2F
1-2: Strikes out swinging
Top of the 3rd over - 0 run(s), 0 hit(s), 0 error(s), 1 left on base; Tacoma 2 - Richland 1
BOTTOM OF THE 3RD
Richland Rails batting - Pitching for Tacoma Fur Traders : RHP Kevin Porter
Batting: RHB Sake van Arem 0-0: Called Strike
0-1: Ball
1-1: Ball
2-1: Called Strike
2-2: Ball
3-2: Fly out, F8 (Flyball, 8LM)
Batting: RHB Ramón Cruz 0-0: Called Strike
0-1: Ball
1-1: Ball
2-1: Foul Ball, location: 2F
2-2: SINGLE (Groundball, 56D)
Batting: RHB Andrew Hall 0-0: Foul Ball, location: 2F
0-1: Foul Ball, location: 2F
0-2: Ball
1-2: Foul Ball, location: 2F
1-2: Grounds into double play, 6-4-3 (Groundball, 6)
Bottom of the 3rd over - 0 run(s), 1 hit(s), 0 error(s), 0 left on base; Tacoma 2 - Richland 1
TOP OF THE 4TH
Tacoma Fur Traders batting - Pitching for Richland Rails : LHP Júlio Hernández
Batting: SHB Burton Storey 0-0: Called Strike
0-1: Ball
1-1: Ball
2-1: Foul Ball, location: 2F
2-2: Foul Ball, location: 2F
2-2: Fly out, F8 (Flyball, 8RM)
Batting: RHB Robert Jones 0-0: Called Strike
0-1: Ball
1-1: Foul Ball, location: 2F
1-2: Strikes out swinging
Batting: RHB Harley Gray 0-0: Called Strike
0-1: Called Strike
0-2: Ball
1-2: Strikes out swinging
Top of the 4th over - 0 run(s), 0 hit(s), 0 error(s), 0 left on base; Tacoma 2 - Richland 1
BOTTOM OF THE 4TH
Richland Rails batting - Pitching for Tacoma Fur Traders : RHP Kevin Porter
Batting: RHB Miguel Vidro 0-0: Called Strike
0-1: Swinging Strike
0-2: Foul Ball, location: 2F
0-2: Ball
1-2: Ball
2-2: Ground out 4-3 (Groundball, 4M)
Batting: RHB Gustavo Berrios 0-0: Ball
1-0: SINGLE (Flyball, 9LS)
Batting: RHB Jack Davis 0-0: Ball
1-0: Swinging Strike
1-1: Ball
2-1: Grounds into double play, 4-6-3 (Groundball, 4)
Bottom of the 4th over - 0 run(s), 1 hit(s), 0 error(s), 0 left on base; Tacoma 2 - Richland 1
TOP OF THE 5TH
Tacoma Fur Traders batting - Pitching for Richland Rails : LHP Júlio Hernández
Batting: RHB Alfonso López 0-0: Ball
1-0: DOUBLE (Flyball, 9LS)
Batting: RHB Johnny Bryant 0-0: Called Strike
0-1: Foul Ball, location: 2F
0-2: Ball
1-2: Foul Ball, location: 2F
1-2: Strikes out swinging
Batting: RHB Justin Saginov 0-0: Called Strike
0-1: Called Strike
0-2: Hit by Pitch
Batting: RHB Miguel Silva 0-0: Ball
1-0: Ball
2-0: Ground out 5-3 (Groundball, 56S)
Alfonso López to third
Justin Saginov to second
Batting: LHB Ramón García 0-0: Ball
1-0: Swinging Strike
1-1: Swinging Strike
1-2: Ball
2-2: Ball
3-2: Strikes out swinging
Top of the 5th over - 0 run(s), 1 hit(s), 0 error(s), 2 left on base; Tacoma 2 - Richland 1
BOTTOM OF THE 5TH
Richland Rails batting - Pitching for Tacoma Fur Traders : RHP Kevin Porter
Batting: RHB Alexis Smeddon 0-0: Called Strike
0-1: Ball
1-1: Called Strike
1-2: Strikes out swinging
Batting: RHB Bernardo Cruz 0-0: Called Strike
0-1: Ground out 1-3 (Groundball, 13)
Batting: RHB Tiaki Kunani 0-0: Called Strike
0-1: Called Strike
0-2: Ball
1-2: Foul Ball, location: 2F
1-2: Strikes out swinging
Bottom of the 5th over - 0 run(s), 0 hit(s), 0 error(s), 0 left on base; Tacoma 2 - Richland 1
TOP OF THE 6TH
Tacoma Fur Traders batting - Pitching for Richland Rails : LHP Júlio Hernández
Batting: SHB Arnold Smith 0-0: Swinging Strike
0-1: Ball
1-1: Swinging Strike
1-2: Foul Ball, location: 2F
1-2: Ball
2-2: Fly out, F3 (Line Drive, 3S)
Batting: SHB Burton Storey 0-0: Called Strike
0-1: Swinging Strike
0-2: Ball
1-2: Foul Ball, location: 2F
1-2: Foul Ball, location: 2F
1-2: Hit by Pitch
Batting: RHB Robert Jones 0-0: Foul Ball, location: 2F
0-1: Swinging Strike
0-2: Strikes out swinging
Pitching: RHP John Weber
Batting: RHB Harley Gray 0-0: Ball
1-0: Fielders Choice at 2nd, U6 (Groundball, 6M)
Top of the 6th over - 0 run(s), 0 hit(s), 0 error(s), 1 left on base; Tacoma 2 - Richland 1
BOTTOM OF THE 6TH
Richland Rails batting - Pitching for Tacoma Fur Traders : RHP Kevin Porter
Batting: RHB Sake van Arem 0-0: Ground out 1-3 (Groundball, 13)
Batting: RHB Ramón Cruz 0-0: Fly out, F4 (Popup, 34D)
Batting: RHB Andrew Hall 0-0: Ball
1-0: Ball
2-0: Ground out 6-3 (Groundball, 6M)
Bottom of the 6th over - 0 run(s), 0 hit(s), 0 error(s), 0 left on base; Tacoma 2 - Richland 1
TOP OF THE 7TH
Tacoma Fur Traders batting - Pitching for Richland Rails : RHP John Weber
Batting: RHB Alfonso López 0-0: Foul Ball, location: 2F
0-1: Ball
1-1: Foul Ball, location: 2F
1-2: Foul Ball, location: 2F
1-2: Fly out, F6 (Popup, 6M)
Batting: RHB Johnny Bryant 0-0: Foul Ball, location: 2F
0-1: Swinging Strike
0-2: Ball
1-2: Ground out 5-3 (Groundball, 56)
Batting: RHB Justin Saginov 0-0: Ball
1-0: Foul Ball, location: 2F
1-1: Foul Ball, location: 2F
1-2: Ground out 4-3 (Groundball, 4M)
Top of the 7th over - 0 run(s), 0 hit(s), 0 error(s), 0 left on base; Tacoma 2 - Richland 1
BOTTOM OF THE 7TH
Richland Rails batting - Pitching for Tacoma Fur Traders : RHP Kevin Porter
Batting: RHB Miguel Vidro 0-0: Ball
1-0: Ball
2-0: Fly out, F1 (Line Drive, 15)
Batting: RHB Gustavo Berrios 0-0: Ball
1-0: Ball
2-0: Ball
3-0: Base on Balls
Batting: RHB Jack Davis 0-0: Called Strike
0-1: Ground out 4-3 (Groundball, 4M)
Gustavo Berrios to second
Pinch Hitting: SHB Wayne Saunders 0-0: Ball
1-0: Called Strike
1-1: Hit by Pitch
Batting: RHB Bernardo Cruz 0-0: Ball
1-0: Ground out 4-3 (Groundball, 4)
Bottom of the 7th over - 0 run(s), 0 hit(s), 0 error(s), 2 left on base; Tacoma 2 - Richland 1
TOP OF THE 8TH
Tacoma Fur Traders batting - Pitching for Richland Rails : RHP John Weber
Now in CF: José Guerra
Batting: RHB Miguel Silva 0-0: Swinging Strike
0-1: Fly out, F6 (Popup, 56)
Batting: LHB Ramón García 0-0: SINGLE (Line Drive, 7LS)
Pinch Hitting: LHB Jim Unknown 0-0: Ball
1-0: Ball
2-0: Called Strike
2-1: Foul Ball, location: 2F
2-2: Strikes out looking
Pinch Hitting: RHB Ángel Garza 0-0: Called Strike
0-1: Ball
1-1: Swinging Strike
1-2: Strikes out swinging
Top of the 8th over - 0 run(s), 1 hit(s), 0 error(s), 1 left on base; Tacoma 2 - Richland 1
BOTTOM OF THE 8TH
Richland Rails batting - Pitching for Tacoma Fur Traders : RHP Kevin Porter
Now at 3B: Michel Perrin
Now in RF: Jim Unknown
Batting: RHB Tiaki Kunani 0-0: Swinging Strike
0-1: Ball
1-1: Fly out, F8 (Flyball, 89M)
Batting: RHB Sake van Arem 0-0: Swinging Strike
0-1: Swinging Strike
0-2: Foul Ball, location: 2F
0-2: Foul Ball, location: 2F
0-2: Ground out 5-3 (Groundball, 56)
Batting: RHB Ramón Cruz 0-0: Ball
1-0: Ball
2-0: Ball
3-0: Base on Balls
Pinch Hitting: LHB Kevin Montgomery 0-0: Ball
1-0: Swinging Strike
1-1: Ball
2-1: Foul Ball, location: 2F
2-2: Foul Ball, location: 2F
2-2: Strikes out swinging
Bottom of the 8th over - 0 run(s), 0 hit(s), 0 error(s), 1 left on base; Tacoma 2 - Richland 1
TOP OF THE 9TH
Tacoma Fur Traders batting - Pitching for Richland Rails : RHP John Weber
Now in RF: Kevin Montgomery
Batting: RHB Robert Jones 0-0: Swinging Strike
0-1: Foul Ball, location: 2F
0-2: Ball
1-2: Strikes out looking
Batting: RHB Harley Gray 0-0: Ball
1-0: Swinging Strike
1-1: Called Strike
1-2: Strikes out swinging
Batting: RHB Alfonso López 0-0: Ground out 6-3 (Groundball, 6)
Top of the 9th over - 0 run(s), 0 hit(s), 0 error(s), 0 left on base; Tacoma 2 - Richland 1
BOTTOM OF THE 9TH
Richland Rails batting - Pitching for Tacoma Fur Traders : RHP Kevin Porter
Pitching: LHP Steve Adkins
Batting: RHB Miguel Vidro 0-0: SOLO HOME RUN (Flyball, 8RXD), Distance : 427 ft
Batting: RHB Gustavo Berrios 0-0: Called Strike
0-1: Ball
1-1: Ball
2-1: Ball
3-1: Called Strike
3-2: DOUBLE (Line Drive, 8LM)
Pinch Hitting: RHB José Herrera 0-0: Intentional Walk
Pinch Hitting: SHB Carlton Reed 0-0: Sac Bunt - play at first, batter OUT! 1-4
Gustavo Berrios to third
José Herrera to second
Batting: RHB Bernardo Cruz 0-0: Intentional Walk
Batting: RHB Tiaki Kunani 0-0: Called Strike
0-1: Swinging Strike
0-2: Ball
1-2: Ball
2-2: Strikes out looking
Pinch Hitting: RHB Jimmy DeWitt 0-0: Called Strike
0-1: Called Strike
0-2: SINGLE (Groundball, 56)
Gustavo Berrios scores
This league is powered by Out of the Park Baseball, the baseball management simulation game for PC, Mac and Linux
Saturday, July 25th, 2015 - OOTP Baseball 15.6 Build 34